 Dungeon Crawl Stone Soup version 0.30.1-4-g462c640d31 (webtiles) character file.

Game seed: 4541977560108939799

67 Wiggles the Chopper (level 4, -1/41 HPs)
             Began as a Minotaur Berserker on Sept 11, 2023.
             Was a Believer of Trog.
             Slain by Jessica
             ... wielding a +0 club
              (5 damage)
             ... on level 2 of the Dungeon.
             The game lasted 00:02:10 (1138 turns).

Wiggles the Chopper (Minotaur Berserker)            Turns: 1138, Time: 00:02:11

Health: -1/41      AC:  5    Str: 24    XL:     4   Next: 0%
Magic:  3/3        EV: 11    Int:  4    God:    Trog [**....]
Gold:   94         SH:  4    Dex:  9    Spells: 3/3 levels left

rFire   . . .        a - +0 hand axe
rCold   . . .        l - +2 buckler
rNeg    . . .        d - +0 ring mail
rPois   .            (helmet restricted)
rElec   .            (no cloak)
rCorr   .            (no gloves)
SInv    .            (no boots)
Will    .....        (no amulet) Stlth
                     (no ring)
HPRegen 0.26/turn    (no ring)
MPRegen 0.08/turn

%: no passive effects
@: slowed, very slow
A: horns 2, retaliatory headbutt
a: Renounce Religion, Berserk, Trog's Hand


You were on level 2 of the Dungeon.
You worshipped Trog.
Trog was pleased with you.
You visited 1 branch of the dungeon, and saw 2 of its levels.

You collected 94 gold pieces.

Inventory:

Hand Weapons
 a - a +0 hand axe (weapon)
Armour
 d - a +0 ring mail (worn)
 l - a +2 buckler (worn)
Jewellery
 k - a ring of magical power
Scrolls
 c - 2 scrolls of fear {unknown}
 g - 2 scrolls of identify {unknown}
 h - a scroll of noise {unknown}
 m - 3 scrolls of immolation {unknown}
Potions
 b - a potion of flight {unknown}
 e - a potion of curing {unknown}
 f - 2 potions of attraction {unknown}
 i - a potion of brilliance {unknown}
 j - a potion of ambrosia {unknown}


   Skills:
 + Level 4.5 Fighting
 + Level 4.7 Axes
 + Level 2.8 Armour
 + Level 2.6 Dodging


You had 3 spell levels left.
You didn't know any spells.
Your spell library was empty.

Dungeon Overview and Level Annotations

Branches:
Dungeon (2/15)

Altars:

Annotations:
D:2 Jessica


Innate Abilities, Weirdness & Mutations

You have a pair of horns on your head.
You reflexively headbutt those who attack you in melee.


Message History

You barely miss the kobold. You headbutt the kobold.
You kill the kobold!
Trog accepts your kill. The bat barely misses you.
The goblin unwields a +0 dagger.
The goblin wields a +0 sling.
The goblin shoots a sling bullet.
You block the sling bullet.
You hear some strange, mumbled words.
Pain shoots through your body! The bat closely misses you.
You hit the bat. You headbutt the bat.
You kill the bat!
Trog accepts your kill.
You closely miss something. Something hits you but does no damage.
The goblin shoots a sling bullet.
You block the sling bullet.
You hear some strange, mumbled words.
Pain shoots through your body! Something hits you but does no damage.
You slash the goblin!
You kill the goblin!
Trog accepts your kill.
You hit something but do no damage. Something hits you.
You hear some strange, mumbled words.
You feel yourself slow down.
You have reached level 4!
You feel stronger.
You hear some strange, mumbled words.
You hear some strange, mumbled words.
Items here: ! )) ? †.
Okay, then.
Something hits you.
* * * LOW HITPOINT WARNING * * *
You block something's attack.
You hear some strange, mumbled words.
Something hits you.
* * * LOW HITPOINT WARNING * * *
Something hits you.
* * * LOW HITPOINT WARNING * * *
Something hits you but does no damage.
There is a large open door, spattered with blood here.
Something hits you.
You die...

### #.#
#...........# #.
#.#
#.######..#.###.
#[####.####
#.....##.
#....#....#
#####..##
####.####†####
###..#
#.#.......#
#.....
#.#.......#
#....#
#.#.......#
#....#
######@'.......#
#....#
#........†.....#
#....#
#........).....#
#....#
#.......)#######
#....#
#.....(..#
#....#
#........#
#....#
#........# #
#........# #
#........# #


There were no monsters in sight!

Vanquished Creatures
  A dart slug (D:1)
  4 ball pythons
  7 bats
  10 endoplasms
  3 giant cockroaches (D:1)
  5 goblins
  A hobgoblin (D:2)
  6 jackals
  3 kobolds
  5 quokkas (D:1)
  A frilled lizard (D:1)
  13 rats
59 creatures vanquished.

Notes
Turn   | Place    | Note
-------+----------+-------------------------------------------
     0 | D:1      | Wiggles the Minotaur Berserker began the quest for the Orb.
     0 | D:1      | Reached XP level 1. HP: 19/19 MP: 0/0
     2 | D:1      | Found a runed translucent door.
   159 | D:1      | Reached XP level 2. HP: 25/27 MP: 1/1
   570 | D:1      | Reached XP level 3. HP: 31/33 MP: 2/2
   708 | D:1      | Reached ** piety under Trog
   805 | D:2      | Found a faded altar of an unknown god.
  1121 | D:2      | Noticed Jessica
  1131 | D:2      | Reached XP level 4. HP: 14/41 MP: 3/3
  1138 | D:2      | Slain by Jessica

Illustrated notes

Levels and vault maps discovered:
D:1:      dpeg_arrival_caged_fury, layout_basic
D:2:      layout_basic, ebering_ecumenical_altar_abandoned, uniq_jessica

Skill      XL: |  1  2 |
---------------+-------+-----
Axes           | 4 |  4.7
Fighting       | 4 |  4.5
Armour         | |  2.8
Dodging        | |  2.6

Action                     |  1- 3 |  4- 6 || total
---------------------------+-------+-------++-------
  Melee: Hand axe          |    91 |       ||    91
         Headbutt          |     9 |       ||     9
 Invoke: Berserk           |     1 |       ||     1
 Armour: Ring mail         |    44 |     1 ||    45
  Dodge: Dodged            |    49 |       ||    49
  Block: Buckler           |     5 |     1 ||     6
